 Dungeon Crawl Stone Soup version 0.30.0-29-ga12c61a403 (webtiles) character file.

Game seed: 16069194214834673132

556 javelincjr the Conjurer (level 6, -11/50 HPs)
             Began as a Demigod Conjurer on June 3, 2023.
             Mangled by an ancient zyme (14 damage)
             ... on level 5 of the Dungeon on June 5, 2023.
             The game lasted 00:15:21 (4288 turns).

javelincjr the Conjurer (Demigod Conjurer)          Turns: 4288, Time: 00:15:22

Health: -11/50     AC:  3    Str: 11    XL:     6   Next: 81%
Magic:  0/13       EV: 13    Int: 28    God:
Gold:   138        SH:  0    Dex: 12    Spells: 4/11 levels left

rFire   . . .        j - staff of conjuration
rCold   . . .        (no shield)
rNeg    + . .        a - +0 robe
rPois   .            (no helmet)
rElec   .            q - +0 cloak
rCorr   .            (no gloves)
SInv    .            (no boots)
Will    .....        o - amulet "Tunas" {Faith rN+ Str+3 Stlth-}
Stlth   +            d - ring of wizardry
HPRegen 0.00/turn    t - ring of wizardry
MPRegen 0.13/turn

%: faith, wizardry (x2)
@: sick
A: high MP 1, forlorn, divine attributes
a: no special abilities


You were on level 5 of the Dungeon.
You visited 1 branch of the dungeon, and saw 5 of its levels.

You collected 138 gold pieces.

Inventory:

Hand Weapons
 e - a +0 short sword
 f - a +0 dagger
 l - the +0 dagger of Dawn {spect, MP-9 Int+2 Dex+3}
   (You found it on level 2 of the Dungeon)

   Int:       It affects your intelligence (+2).
   Dex:       It affects your dexterity (+3).
   MP:        It affects your magic capacity (-9).
 p - a +2 hammer of holy wrath
 y - a +0 demon blade of draining
 z - a +2 dagger of draining
Armour
 a - a +0 robe (worn)
 q - a +0 cloak (worn)
Magical Staves
 j - a staff of conjuration (weapon)
 n - a staff of poison
Jewellery
 d - a ring of wizardry (left hand)
 o - the amulet "Tunas" (around neck) {Faith rN+ Str+3 Stlth-}
   (You found it on level 4 of the Dungeon)

   [amulet of faith]

   It allows you to gain divine favour quickly.
   Str:       It affects your strength (+3).
   rN:        It protects you from negative energy.
   Stlth:     It makes you less stealthy.
 t - a ring of wizardry (right hand)
Wands
 A - a wand of charming (4)
Scrolls
 g - 2 scrolls of torment {unknown}
 i - 2 scrolls of teleportation {unknown}
 k - 3 scrolls of identify {unknown}
 m - a scroll of butterflies {unknown}
 r - a scroll of vulnerability {unknown}
 w - 2 scrolls of magic mapping {unknown}
Potions
 b - a potion of magic
 c - a potion of might {unknown}
 h - a potion of attraction {unknown}
 s - a potion of curing {unknown}
 u - a potion of degeneration {unknown}
 v - 2 potions of lignification {unknown}
 x - 2 potions of brilliance {unknown}


   Skills:
 + Level 2.5 Fighting
 + Level 3.5 Dodging
 + Level 3.7 Stealth
 + Level 3.2 Spellcasting
 + Level 4.8 Conjurations


You had 4 spell levels left.
You knew the following spells:

 Your Spells              Type           Power      Damage    Failure   Level
a - Magic Dart            Conj           100%       1d8       1%          1
b - Searing Ray           Conj           94%        2d7       1%          2
c - Iskenderun's Mystic   Conj/Tloc      27%        2d7       9%          4

Your spell library contained the following spells:

 Spells                   Type           Power      Damage    Failure   Level
 Dazzling Flash           Conj/Hex       54%        N/A       2%          3
 Volatile Blastmotes      Fire/Tloc      8%         2d10      7%          3
 Fulminant Prism          Conj/Hex       13%        3d9       9%          4
 Lee's Rapid Deconstruct  Erth           2%         3d4*      47%         5


Dungeon Overview and Level Annotations

Branches:
Dungeon (5/15)             Temple (0/1) D:5

Portals:
Abyss: D:5

Annotations:
D:5 1 transporter, howech's ghost, novice MiBe


Innate Abilities, Weirdness & Mutations

You have an increased reservoir of magic. (+10% MP)
You shall have no god before yourself.
Your divine heritage dramatically boosts your attributes as you level up.


Message History

The small abomination is moderately damaged.
The small abomination is knocked back by the mystic blast.
The small abomination slams into the stone wall!
The small abomination is heavily damaged.
The mystic blast hits the ancient zyme but does no damage.
The ancient zyme hits you.
* * * LOW HITPOINT WARNING * * *
The ancient zyme hits you.
* * * LOW HITPOINT WARNING * * *
The gnoll enters a dispersal trap!
Howech's ghost blinks!
The small abomination blinks!
Casting: Iskenderun's Mystic Blast (dangerous; 9% risk of failure)
Confirm with . or Enter, or press ? or * to list all spells.
You don't have enough magic to cast this spell.
Unknown command.
Unknown command.
Casting: Iskenderun's Mystic Blast (dangerous; 9% risk of failure)
Confirm with . or Enter, or press ? or * to list all spells.
You don't have enough magic to cast this spell.
You feel ill.
You feel ill.
Casting: Iskenderun's Mystic Blast (dangerous; 9% risk of failure)
Confirm with . or Enter, or press ? or * to list all spells.
Aiming: Searing Ray (safe; 1% risk of failure)
Press: ? - help, Shift-Dir - straight line, f - small abomination
Aim: a small abomination (heavily damaged, 82% to hit)
You feel a surge of power!
The searing ray hits the ancient zyme.
The ancient zyme is lightly damaged.
The searing ray hits the small abomination.
The small abomination is heavily damaged. (Press . to maintain the ray.)
The ancient zyme misses you. The ancient zyme barely misses you.
The searing ray hits the ancient zyme.
The ancient zyme is lightly damaged.
The searing ray hits the small abomination but does no damage.
The small abomination is heavily damaged.
The ancient zyme misses you. The ancient zyme closely misses you.
Without enough magic to sustain it, your searing ray dissipates.
The ancient zyme barely misses you. The ancient zyme hits you!
You die...

...### ..... .... .....#
... ......## ##
..########......# #.#
#.#.xx@..#©.....###
#..$###.x##.##........
#.[.$..#####.......#
..###...g##...........#
....#.##.#...©........#
....#©.x##..###.....(####
..##.#.#..##©##........#
#...
#..#.##.#...##...†....
#...
##g.[###...##..##....


You could see an ancient zyme, 2 small abominations and a gnoll.

Vanquished Creatures
  2 scorpions
  A gnoll sergeant (D:5)
  A quasit (D:5)
  A hound (D:5)
  2 orc priests (D:4)
  An iguana (D:4)
  Crazy Yiuf (D:4)
  2 adders
  7 gnolls
  A white imp (D:5)
  An ufetubus (D:5)
  2 worms
  2 dart slugs
  5 orcs (D:4)
  6 bats
  8 endoplasms
  8 giant cockroaches
  10 goblins
  10 hobgoblins
  3 jackals (D:1)
  4 quokkas
  8 ball pythons
  5 frilled lizards
  2 kobolds (D:1)
  4 rats
97 creatures vanquished.

Notes
Turn   | Place    | Note
-------+----------+-------------------------------------------
     0 | D:1      | javelincjr the Demigod Conjurer began the quest for the
                  | Orb.
     0 | D:1      | Reached XP level 1. HP: 14/14 MP: 5/5
   327 | D:1      | Reached XP level 2. HP: 20/20 MP: 4/7
   330 | D:1      | Learned a level 2 spell: Searing Ray
   784 | D:1      | Reached XP level 3. HP: 26/26 MP: 3/8
  1574 | D:2      | Identified the +0 dagger of Dawn {spect, MP-9 Int+2 Dex+3}
  1765 | D:2      | Reached skill level 4 in Conjurations
  2041 | D:2      | You fall into a shaft and drop 2 floors!
  2195 | D:4      | Identified the amulet "Tunas" {Faith rN+ Str+3 Stlth-}
  2207 | D:4      | Found a runed translucent door.
  2211 | D:4      | Noticed Crazy Yiuf
  2217 | D:4      | Killed Crazy Yiuf
  2218 | D:4      | Reached XP level 4. HP: 34/34 MP: 4/10
  2321 | D:4      | Reached skill level 1 in Fighting
  2642 | D:2      | Learned a level 4 spell: Iskenderun's Mystic Blast
  2712 | D:3      | Reached XP level 5. HP: 40/40 MP: 9/11
  3534 | D:4      | Reached XP level 6. HP: 35/48 MP: 5/13
  3868 | D:5      | Entered Level 5 of the Dungeon
  3895 | D:5      | Found a staircase to the Ecumenical Temple.
  4246 | D:5      | Found a transporter.
  4254 | D:5      | Found a transporter.
  4273 | D:5      | Found a one-way gate to the infinite horrors of the Abyss.
  4275 | D:5      | Noticed howech's ghost (novice MiBe)
  4276 | D:5      | Noticed an ancient zyme
  4281 | D:5      | HP: 2/50 [ancient zyme (3)]
  4288 | D:5      | Mangled by an ancient zyme

Illustrated notes

Levels and vault maps discovered:
D:1:      dpeg_arrival_boxorama, layout_basic
D:2:      layout_basic, basic_altar
D:3:      layout_basic, mainiacjoe_overflow_catwalk,
          mainiacjoe_overflow_big_doors, kennysheep_cluttered_room
D:4:      layout_cave_pools, lemuel_coloured_pillars_altar,
          uniq_crazy_yiuf_cottage
D:5:      layout_cave_pods, nicolae_hepliaklqana_hippocampus,
          minmay_temple_entry_slanted, gammafunk_ghost_abyssal_escape,
          patterned_corridor, uniq_eustachio

Skill      XL: |  1  2  3  4  5  6 |
---------------+-------------------+-----
Stealth        | 2 3 |  3.7
Dodging        | 2 3 |  3.5
Spellcasting   | 2 3 |  3.2
Conjurations   | 4 |  4.8
Fighting       | 1 2 |  2.5

Action                     |  1- 3 |  4- 6 || total
---------------------------+-------+-------++-------
  Melee: Unarmed           |     4 |       ||     4
         Dagger            |    36 |       ||    36
         Staff             |    44 |    51 ||    95
         Punch             |     1 |     1 ||     2
   Cast: Magic Dart        |    59 |    77 ||   136
         Searing Ray       |     2 |    12 ||    14
         Iskenderun's Myst |       |     2 ||     2
   Stab: Sleeping          |     5 |     2 ||     7
 Armour: Robe              |    11 |    18 ||    29
  Dodge: Dodged            |    54 |    63 ||   117
